 Dungeon Crawl Stone Soup version 0.24.0-123-gd5b16e6ec5 (webtiles) character file.

Game seed: 14453676022106782586, levelgen mode: deterministic

72 Descartes the Skirmisher (level 4, -9/33 HPs)
             Began as a Formicid Abyssal Knight on Jan 17, 2020.
             Was a Follower of Lugonu.
             Mangled by Crazy Yiuf
             ... wielding a +3 quarterstaff of chaos
              (17 damage)
             ... on level 2 of the Dungeon.
             The game lasted 00:08:41 (2842 turns).

Descartes the Skirmisher (Formicid Abyssal Knight)  Turns: 2842, Time: 00:08:45

Health: -9/33      AC:  8    Str: 17    XL:     4   Next: 48%
Magic:  0/6        EV: 10    Int: 12    God:    Lugonu [*.....]
Gold:   165        SH:  0    Dex: 10    Spells: 4/4 levels left

rFire    . . .     SeeInvis +   a - +1 falchion
rCold    . . .     Gourm    .   (no shield)
rNeg     . . .     Faith    .   g - +0 ring mail
rPois    .         Spirit   +   (helmet unavailable)
rElec    .         Reflect  .   i - scarf {Spirit}
rCorr    .         Harm     .   d - +2 pair of gloves
MR       .....                  (no boots)
Stlth    ..........             f - amulet of magic regeneration (curse)
HPRegen  0.11/turn              (no ring)
MPRegen  0.35/turn              (no ring)

@: lethally poisoned (-9 -> -12), drained
A: permanent stasis, dig shafts and tunnels, four strong arms, antennae 3,
[frail 1]
a: Dig, Shaft Self, Depart the Abyss, Renounce Religion


You were on level 2 of the Dungeon.
You worshipped Lugonu.
Lugonu was aware of your devotion.
You were hungry.

You visited 1 branch of the dungeon, and saw 2 of its levels.
You visited the Abyss 1 time.

You collected 165 gold pieces.

Inventory:

Hand Weapons
 a - a +1 falchion (weapon)
Missiles
 k - 32 stones (quivered)
Armour
 b - a +0 leather armour
 d - a +2 pair of gloves (worn)
 g - a +0 ring mail (worn)
 i - a scarf of spirit shield (worn)
Jewellery
 f - a cursed amulet of magic regeneration (around neck)
Scrolls
 h - a scroll of amnesia {unknown}
 m - a scroll of immolation {unknown}
 n - a scroll of fog {unknown}
 p - a scroll of random uselessness {unknown}
 s - a scroll of teleportation {unknown}
Potions
 e - 2 potions of flight
 j - a potion of agility
 l - a potion of heal wounds
 o - a potion of curing
Comestibles
 c - 6 rations


   Skills:
 + Level 3.9(3.3) Fighting
 + Level 2.4(1.8) Long Blades
 + Level 2.9(2.3) Armour
 + Level 1.5(0.9) Dodging
 + Level 0.7(0.1) Spellcasting
 + Level 2.8(2.2) Invocations


You had 4 spell levels left.
You didn't know any spells.
Your spell library was empty.

Dungeon Overview and Level Annotations

Branches:
Dungeon (2/15)

Altars:

Annotations:
D:2 Crazy Yiuf


Innate Abilities, Weirdness & Mutations

You cannot be hasted, slowed, berserked, paralysed or teleported.
You can dig through walls and to a lower floor.
Your four strong arms can wield two-handed weapons with a shield.
You have a pair of large antennae on your head. (SInv)
[You are frail. (-10% HP)]


Message History

You feel sick.
Crazy Yiuf hits you with a +3 quarterstaff of chaos.
You feel drained.
You hit Crazy Yiuf.
Crazy Yiuf is moderately wounded.
You feel sick.
Crazy Yiuf hits you with a +3 quarterstaff of chaos!
You feel drained.
You hit Crazy Yiuf.
Crazy Yiuf is heavily wounded.
Crazy Yiuf closely misses you.
You riposte.
You barely miss Crazy Yiuf.
Crazy Yiuf is heavily wounded.
You hit Crazy Yiuf.
Crazy Yiuf is almost dead.
You feel sick.
Crazy Yiuf hits you with a +3 quarterstaff of chaos.
* * * LOW HITPOINT WARNING * * *
Space warps horribly around you!!
Ouch! That really hurt!
You die...

##.#.....##.#.#.#.......#
#######........#.......#
#........#.......####### ##
#####).......'.............# .#
#.#.#.#....#.#......######.#
.###.#.#...####.#......######.#
.[..............+....).'.....>#
.#.#..##..#.#.#.#......########
##.#......#.#..g@#######
.#.#...##.#.###.##
.#.#.#.##.#...=.#
.#.#.#.##.####### ...#......#
.#####....# .# #......#########
.# #.##...#....!..#
.###.#....#.#####.#


You could see Crazy Yiuf.

Vanquished Creatures
  2 adders (D:2)
  4 worms (D:2)
  A dart slug (D:1)
  7 bats
  5 giant cockroaches
  7 goblins
  2 hobgoblins
  3 kobolds
  2 ball pythons (D:1)
  5 rats
38 creatures vanquished.

Notes
Turn   | Place    | Note
-------+----------+-------------------------------------------
     0 | Abyss:1  | Descartes the Formicid Abyssal Knight began the quest for
                  | the Orb.
     0 | Abyss:1  | Reached XP level 1. HP: 18/18 MP: 2/2
   111 | Abyss:1  | Noticed a spatial vortex
   113 | Abyss:1  | Noticed a spatial maelstrom
   116 | Abyss:1  | Noticed a spatial vortex
   134 | Abyss:1  | Noticed a small abomination
   140 | Abyss:1  | Noticed a frost giant zombie
   191 | Abyss:1  | Found a corrupted altar of Lugonu.
   219 | Abyss:1  | Noticed a wretched star
   225 | Abyss:1  | Noticed a quasit
   227 | Abyss:1  | Noticed a small abomination
   228 | D:1      | Escaped the Abyss
   674 | D:1      | Reached XP level 2. HP: 18/19 MP: 3/3
   724 | D:1      | Reached skill level 1 in Dodging
   934 | D:1      | Reached * piety under Lugonu
   988 | D:1      | Reached XP level 3. HP: 21/24 MP: 4/4
  1923 | D:2      | Reached XP level 4. HP: 10/29 MP: 2/6
  2551 | D:2      | Found a runed translucent door.
  2552 | D:2      | Noticed Crazy Yiuf
  2842 | D:2      | Mangled by Crazy Yiuf

Levels and vault maps discovered:
D:1:      saegor_arrival_simple_c, layout_loops_corners
D:2:      layout_basic, uniq_crazy_yiuf_cottage

Skill      XL: |  1  2 |
---------------+-------+-----
Dodging        | 1 |  1.5
Fighting       | |  3.9
Long Blades    | |  2.4
Armour         | |  2.9
Spellcasting   | |  0.7
Invocations    | |  2.8

Action                   |  1- 3 |  4- 6 || total
-------------------------+-------+-------++-------
Melee: Falchion          |    93 |    47 ||   140
Invok: Depart the Abyss  |     1 |       ||     1
 Abil: Dig               |    10 |       ||    10
  Use: Scroll            |     5 |     1 ||     6
  Eat: Chunk             |     4 |     2 ||     6
Armor: Leather armour    |    34 |       ||    34
       Ring mail         |     5 |    14 ||    19
Dodge: Dodged            |    63 |    23 ||    86
       Rpst.: Falchion   |    15 |    10 ||    25
